 Dungeon Crawl Stone Soup version bcrawl-1.38.3 (webtiles) character file.

Game seed: 8064639346712451374

409785 kosoiffoigrumme1174 the Martial Artist (level 12, -4/77 HPs)
             Began as a Mana Stalker Air Elementalist on June 30, 2023.
             Was a Priest of Elyvilon.
             Slain by a slime creature (6 damage)
             ... on level 10 of the Dungeon.
             The game lasted 00:42:10 (12161 turns).

kosoiffoigrumme1174 the Martial Artist (VSAE)      Turns: 12161, Time: 00:42:11

Health: -4/77      AC: 12    Str: 17    XL:     12   Next: 54%
Magic:  19/19      EV: 15    Int: 18    God:    Elyvilon [***...]
Gold:   289        SH:  0    Dex: 20    Spells: 13/19 levels left

rFire    + . .     GDR:     31% a - +6 morningstar of Growth {flame, MR+ Str-3 Dex+4}
rCold    . . .     SeeInvis .   (no shield)
rNeg     . . .     Gourm    .   L - +5 ring mail {rF+}
rPois    .         Faith    .   (no helmet)
rElec    .         Spirit   .   u - +0 cloak
rCorr    .         Reflect  .   (no gloves)
MR       ++++.                  P - +0 pair of boots
Stlth    +++++.....             E - amulet of rage
HPRegen  0.62/turn              y - +8 ring of strength
MPRegen  0.16/turn              C - ring of stealth

@: protection
A: fangs 3, magic resistance 2, regeneration 1, antimagic bite, no potion heal
3, rot immunity, strong jaws
a: Lesser Healing, Heal Other, Purification, Divine Protection, Renounce
Religion, Evoke Berserk Rage


You were on level 10 of the Dungeon.
You worshipped Elyvilon.
Elyvilon was most pleased with you.
You were not hungry.

You visited 3 branches of the dungeon, and saw 13 of its levels.

You collected 637 gold pieces.
You spent 348 gold pieces at shops.

Inventory:

Hand Weapons
 a - the +6 morningstar of Growth (weapon) {flame, MR+ Str-3 Dex+4}
   (You found it on level 6 of the Dungeon)

   It has been specially enchanted to surge with flame as it hits, increasing
   damage dealt by approximately one third against foes not resistant or
   susceptible to fire.
   It affects your strength (-3).
   It affects your dexterity (+4).
   It affects your resistance to hostile enchantments.
 b - a +0 hand crossbow
 c - a +0 blowgun
 K - a +0 hunting sling
Missiles
 g - 2356 stones (quivered)
 h - 927 bolts
 o - 26 curare-tipped needles
 r - 383 sling bullets
 x - 87 poisoned tomahawks
 A - 161 poisoned needles
 G - 4 throwing nets {=f}
 M - 80 exploding tomahawks
Armour
 u - a +0 cloak (worn)
 L - a +5 ring mail of fire resistance (worn)
 N - a scarf of repulsion
 P - a +0 pair of boots (worn)
Jewellery
 y - a +8 ring of strength (left hand)
 C - a ring of stealth (right hand)
 D - a +3 ring of dexterity
 E - an amulet of rage (around neck)
 R - an uncursed ring of fire
 T - an uncursed ring of protection from fire {unknown}
Wands
 l - a wand of acid (11)
 B - a wand of random effects (7)
 F - a wand of paralysis (7)
 H - a wand of flame (18)
 O - a wand of iceblast (12)
 U - a wand of disintegration (8)
Scrolls
 i - 2 scrolls of identify
 j - a scroll of blinking
 k - 5 scrolls of teleportation
 n - 3 scrolls of amnesia
 s - 4 scrolls of remove curse
 z - 2 scrolls of immolation
 I - 3 scrolls of magic mapping
 J - 3 scrolls of fog
 S - a scroll of enchant armour
Potions
 d - a potion of resistance
 f - 2 potions of agility
 m - a potion of lignification
 p - a potion of cancellation
 q - 13 potions of curing
 t - a potion of mutation
 v - 2 potions of haste
 w - a potion of ambrosia
 Q - a potion of flight
 V - a potion of invisibility {unknown}
 X - a potion of brilliance {unknown}
Comestibles
 e - 22 rations {!d}


   Skills:
 - Level 10.0 Fighting
 - Level 6.0 Dodging
 - Level 6.0 Stealth
 - Level 10.0 Unarmed Combat
 - Level 4.0 Spellcasting
 - Level 1.0 Conjurations
 - Level 1.0 Charms
 - Level 8.0 Air Magic
 - Level 8.0 Invocations
 + Level 5.0 Evocations


You had 13 spell levels left.
You knew the following spells:

 Your Spells              Type           Power        Failure   Level  Hunger
a - Static Discharge      Air            ####..       1%          1    None
b - Swiftness             Chrm/Air       ###.....     6%          2    None
c - Mephitic Cloud        Conj/Pois/Air  ##......     24%         3    ###....

Your spell library contained the following spells:

 Spells                   Type           Power        Failure   Level  Hunger
 Shock                    Conj/Air       ###....      6%          2    None
 Flame Tongue             Conj/Fire      #....        22%         1    None
 Flaming Arrows           Chrm/Fire      #.......     32%         2    None
 Lightning Bolt           Conj/Air       ###.....     38%         4    #####..
 Conjure Flame            Conj/Fire      #.......     54%         3    ###....
 Inner Flame              Hex/Fire       N/A          63%         3    ###....
 Sticky Flame             Conj/Fire      #.......     91%         4    #####..
 Fireball                 Conj/Fire      #.........   99%         5    ######.


Dungeon Overview and Level Annotations

Branches:
Dungeon (11/12)            Temple (1/1) D:5            Lair (1/6) D:9
    Orc (0/1) D:10
 Vaults: D:11-12

Altars:
Ashenzari
Cheibriados
Dithmenos
Elyvilon
Fedhas
Gozag
Hepliaklqana
Kikubaaqudgha
Lugonu
Makhleb
Nemelex Xobeh
Okawaru
Qazlal
Ru
Sif Muna
Trog
Uskayaw
Vehumet
Wu Jian
Xom
Yredelemnul
Zin
The Shining One

Shops:
D:4 ?   D:6 ?   D:9 ((

Annotations:
D:2 1 runed door
Lair:1 2 transporters, Cris's ghost, journeyman SDEE


Innate Abilities, Weirdness & Mutations

You have razor-sharp teeth.
You are highly resistant to hostile enchantments. (MR++)
Your natural rate of healing is unusually fast.
Your bite disrupts and absorbs the magic of your enemies.
Potions cannot restore your health.
You are immune to rotting.
Your bites deal extra damage.


Message History

The slime creature misses you.
The slime creature hits you but does no damage.
You barely miss the slime creature. You bite the slime creature!
You drain its power.
The slime creature is severely wounded.
The slime creature misses you. The slime creature hits you!
The slime creature hits you.
You sock the slime creature! You burn the slime creature.
You kill the slime creature!
The slime creature closely misses you. The slime creature hits you!
* * * LOW HITPOINT WARNING * * *
The slime creature hits you!
* * * LOW HITPOINT WARNING * * *
The slime creature hits you!
* * * LOW HITPOINT WARNING * * *
Your Evocations skill increases to level 5!
Okay, then.
You beseech Elyvilon to protect your life.
The slime creature hits you.
You die...

#...## #..#..##..#...# ##.<##..
##.### ##............## #.###.<
##...####........#.....####.# ##.
..........#.>...##......##..# #.
.#......####...###.#........# ##.
.##....## #...# #.#........###..
.###...# #..####...#.....).....
.# ##..#####...##...###....#.....
.###...........J@..##.##.........
.##....##....#..J...#.#..........
.......####......#.##.##.#.......
....#..#####....####...#'##......
........##.....##.........##.....
##.........##...####...####...##.
##......######...#.##.##.#....#..
#......## ##.....#.#..........
.......# ##....##.##......###


You could see 2 slime creatures.

Vanquished Creatures
  Harold (Lair:1)
  A two-headed ogre (D:8)
  2 tengu warriors (D:9)
  A wolf spider zombie (D:10)
  A lindwurm (D:9)
  2 ugly things (D:10)
  A gargoyle (D:7)
  3 cane toads (Lair:1)
  2 black mambas (Lair:1)
  2 komodo dragons
  A troll (D:10)
  A harpy zombie (D:9)
  3 slime creatures (D:10)
  4 hippogriffs
  20 yaks
  A basilisk (D:10)
  A hungry ghost (D:7)
  A steam dragon (D:6)
  9 crocodiles
  5 water moccasins (Lair:1)
  2 porcupines (Lair:1)
  4 orc warriors
  2 soldier ants
  An ice beast (D:10)
  5 sky beasts
  A black bear (D:6)
  6 wolves (Lair:1)
  5 ogres
  3 kobold brigands
  5 bullfrogs
  3 centaurs
  3 orc priests
  7 crimson imps
  A bullfrog zombie (D:6)
  4 hounds
  3 jellies
  7 orc wizards
  3 iguanas
  7 worker ants
  2 hound zombies
  8 adders
  2 shadow imps
  2 oozes
  An adder zombie (D:8)
  3 worms
  5 dart slugs
  5 leopard geckos
  36 orcs
  4 bats
  A giant cockroach (D:3)
  2 goblins
  3 hobgoblins
  9 jackals
  17 kobolds
  2 quokkas
  2 frilled lizards
  5 rats
243 creatures vanquished.

Vanquished Creatures (others)
  A fungus (Lair:1)
  A plant (Lair:1)
2 creatures vanquished.

Grand Total: 245 creatures vanquished

Notes
Turn   | Place    | Note
-------+----------+-------------------------------------------
     0 | D:1      | kosoiffoigrumme1174 the Vine Stalker Air Elementalist began
                  | the quest for the Orb.
     0 | D:1      | Reached XP level 1. HP: 10/10 MP: 4/4
   134 | D:1      | Reached skill level 1 in Fighting
   134 | D:1      | Reached skill level 1 in Unarmed Combat
   134 | D:1      | Reached XP level 2. HP: 8/16 MP: 0/6
   666 | D:2      | Reached XP level 3. HP: 20/20 MP: 4/7
   748 | D:2      | Learned a level 2 spell: Swiftness
   752 | D:2      | Learned a level 3 spell: Mephitic Cloud
  1471 | D:2      | Found a runed door.
  1581 | D:2      | Reached XP level 4. HP: 16/26 MP: 8/8
  1894 | D:3      | Noticed a sky beast
  2018 | D:3      | Killed a sky beast
  2019 | D:3      | Reached XP level 5. HP: 26/32 MP: 5/9
  2357 | D:4      | Found Bametil's Magic Scroll Emporium.
  2362 | D:4      | Bought a scroll of identify for 20 gold pieces
  2393 | D:4      | Noticed an ogre
  2400 | D:4      | Bought a scroll of enchant armour for 75 gold pieces
  2455 | D:4      | Gained mutation: You have razor-sharp teeth. [Vine Stalker
                  | growth]
  2455 | D:4      | Reached XP level 6. HP: 37/37 MP: 10/10
  2496 | D:5      | Entered Level 5 of the Dungeon
  2744 | D:4      | Reached XP level 7. HP: 35/41 MP: 11/11
  3179 | D:5      | Found a staircase to the Ecumenical Temple.
  3185 | Temple   | Entered the Ecumenical Temple
  3515 | Temple   | Became a worshipper of Elyvilon the Healer
  3633 | D:5      | Found a glowing silver altar of Zin.
  4178 | D:6      | Reached * piety under Elyvilon
  4216 | D:6      | Reached skill level 5 in Unarmed Combat
  4216 | D:6      | Gained mutation: Your bite disrupts and absorbs the magic
                  | of your enemies. [Mana Stalker growth]
  4216 | D:6      | Gained mutation: You are resistant to hostile enchantments.
                  | (MR+) [Mana Stalker growth]
  4216 | D:6      | Reached XP level 8. HP: 14/48 MP: 6/12
  4297 | D:6      | Reached skill level 5 in Fighting
  4467 | D:6      | Got a bloodstained morningstar
  4640 | D:6      | Found Omotain's Magic Scroll Shop.
  4650 | D:6      | Bought a scroll of identify for 26 gold pieces
  4650 | D:6      | Bought a scroll of identify for 26 gold pieces
  4653 | D:6      | Bought 2 scrolls of identify for 52 gold pieces
  4653 | D:6      | Bought a scroll of identify for 26 gold pieces
  4657 | D:6      | Bought a scroll of identify for 26 gold pieces
  4911 | D:6      | Identified the +6 morningstar of Growth {flame, MR+ Str-3
                  | Dex+4} (You found it on level 6 of the Dungeon)
  5666 | D:7      | Reached skill level 5 in Air Magic
  5745 | D:7      | Reached ** piety under Elyvilon
  5838 | D:7      | Noticed a hippogriff
  5845 | D:7      | Killed a hippogriff
  5857 | D:7      | Noticed a gargoyle
  5965 | D:7      | Reached XP level 9. HP: 55/55 MP: 11/13
  6201 | D:7      | Killed a gargoyle
  6202 | D:7      | Reached skill level 5 in Dodging
  6563 | D:8      | Reached XP level 10. HP: 45/61 MP: 10/14
  6789 | D:8      | Noticed a two-headed ogre
  7143 | D:8      | Killed a two-headed ogre
  7216 | D:8      | Found a blossoming altar of Fedhas.
  7567 | D:9      | Found Madyapha's Weapon Boutique.
  7676 | D:9      | Noticed a tengu warrior
  7678 | D:9      | Noticed a tengu warrior
  7689 | D:9      | Killed a tengu warrior
  7690 | D:9      | Reached skill level 5 in Invocations
  7694 | D:9      | Killed a tengu warrior
  7740 | D:9      | Found Utynwea's Antique Weapon Shoppe.
  7753 | D:9      | Found a staircase to the Lair.
  7754 | D:9      | Noticed a lindwurm
  7764 | D:9      | Killed a lindwurm
  7780 | D:9      | Reached *** piety under Elyvilon
  7833 | D:9      | Reached XP level 11. HP: 67/67 MP: 18/18
  8321 | D:6      | Bought a scroll of enchant armour for 97 gold pieces
  8472 | D:10     | Entered Level 10 of the Dungeon
  8538 | D:10     | Noticed a green ugly thing
  8569 | Lair:1   | Entered Level 1 of the Lair of Beasts
  8868 | Lair:1   | Found a transporter.
  8975 | Lair:1   | Found a bloodstained altar of Trog.
  8975 | Lair:1   | Identified the cursed +0 trident of Kismet {flame, +Fly
                  | Int+4 Dex-5}
  8975 | Lair:1   | Noticed a spriggan rider
  8991 | Lair:1   | Noticed Cris's ghost (journeyman SDEE)
  8994 | Lair:1   | Found a transporter.
  9125 | Lair:1   | Noticed Harold
  9155 | Lair:1   | Killed Harold
  9577 | Lair:1   | Reached **** piety under Elyvilon
  9584 | Lair:1   | Noticed a five-headed hydra
  9589 | Lair:1   | Pacified a five-headed hydra
  9590 | Lair:1   | Gained mutation: You are highly resistant to hostile
                  | enchantments. (MR++) [Mana Stalker growth]
  9590 | Lair:1   | Reached XP level 12. HP: 61/76 MP: 16/19
 10449 | D:10     | Reached skill level 10 in Unarmed Combat
 10768 | D:10     | Reached skill level 10 in Fighting
 10799 | D:10     | Reached skill level 1 in Evocations
 11328 | D:10     | Found a staircase to the Orcish Mines.
 12160 | D:10     | HP: 2/77 [slime creature (11)]
 12161 | D:10     | Reached skill level 5 in Evocations
 12161 | D:10     | Slain by a slime creature

Skill      XL: |  1  2  3  4  5  6  7  8  9 10 11 12 |
---------------+-------------------------------------+-----
Fighting       | 1 2 3 4 6 7 9 10 | 10.0
Unarmed Combat | 1 2 3 5 6 7 9 10 | 10.0
Air Magic      | 4 6 8 |  8.0
Dodging        | 4 6 |  6.0
Stealth        | 4 6 |  6.0
Invocations    | 7 8 |  8.0
Spellcasting   | 4 |  4.0
Evocations     | 5 |  5.0
Conjurations   | |  1.0
Charms         | |  1.0

Action                   |  1- 3 |  4- 6 |  7- 9 | 10-12 || total
-------------------------+-------+-------+-------+-------++-------
Melee: Dagger            |    67 |    66 |    41 |       ||   174
       Bite              |     5 |     6 |    35 |   106 ||   152
       Morningstar       |       |       |    63 |   270 ||   333
       Punch             |       |       |     2 |    16 ||    18
       Hunting sling     |       |       |       |     1 ||     1
 Fire: Hunting sling     |    21 |    79 |   127 |    28 ||   255
       Hand crossbow     |       |       |       |   163 ||   163
Throw: Stone             |    29 |       |       |       ||    29
 Cast: Static Discharge  |    22 |       |    13 |    21 ||    56
       Mephitic Cloud    |     2 |     7 |    11 |    32 ||    52
       Swiftness         |       |       |     1 |       ||     1
Invok: Lesser Healing    |       |       |       |    23 ||    23
       Heal Other        |       |       |       |     1 ||     1
       Purification      |       |       |       |     2 ||     2
       Divine Protection |       |       |       |     1 ||     1
       Greater Healing   |       |       |       |     1 ||     1
 Abil: Evoke Berserk Rag |       |       |       |     1 ||     1
Evoke: Wand              |       |       |       |     2 ||     2
  Use: Scroll            |     1 |     5 |    10 |     7 ||    23
 Stab: Sleeping          |     4 |       |     1 |     1 ||     6
       Confused          |       |     1 |     6 |     5 ||    12
  Eat: Chunk             |     5 |     8 |    25 |    35 ||    73
       Ration            |       |     1 |       |     5 ||     6
Armor: Robe              |     9 |       |       |       ||     9
       Leather armour    |     4 |    21 |    11 |       ||    36
       Steam dragon scal |       |       |     7 |       ||     7
       Ring mail         |       |       |    23 |   145 ||   168
Dodge: Dodged            |    45 |    43 |   127 |   376 ||   591
       Deflected         |       |       |     2 |       ||     2
